 Dungeon Crawl Stone Soup version 0.22.0-49-gab54619674 (webtiles) character file.

46424 Freyura the Bludgeoner (level 14, -3/126 HPs)
             Began as a Minotaur Fighter on Sept 7, 2018.
             Was a High Priest of Ashenzari.
             Killed from afar by an oklob plant (9 damage)
             ... with a splash of acid
             ... on level 2 of the Lair of Beasts on Sept 8, 2018.
             The game lasted 01:07:08 (14056 turns).

Freyura the Bludgeoner (Minotaur Fighter)          Turns: 14056, Time: 01:07:08

Health: -3/126     AC: -1    Str: 24 (25) XL:     14   Next: 4%
Magic:  13/13      EV: 16    Int:  7      God:    Ashenzari [*****.]
Gold:   999        SH: 23    Dex: 17      Spells: 13/13 levels left

rFire    . . .     SeeInvis +   a - +5 flail (curse)
rCold    . . .     Gourm    .   L - +2 large shield {reflect} (curse)
rNeg     . . .     Faith    .   y - +0 chain mail of Going Fast {Str+4 Slay+3} (curse)
rPois    .         Spirit   .   G - +2 hat (curse)
rElec    .         Reflect  +   (no cloak)
rCorr    .         Harm     .   (no gloves)
MR       +....     Clarity  +   (no boots)
Stlth    ..........             (no amulet)
HPRegen  0.31/turn              j - +3 ring of evasion
MPRegen  0.13/turn              x - +2 ring of dexterity

@: corroded, very slightly contaminated
A: retaliatory headbutt, horns 2, clarity, clever 1, deterioration 1
a: Curse Item, Scrying, Transfer Knowledge, Renounce Religion


You were on level 2 of the Lair of Beasts.
You worshipped Ashenzari.
Ashenzari was extremely pleased with you.
You were not hungry.

You visited 3 branches of the dungeon, and saw 17 of its levels.

You collected 1228 gold pieces.
You spent 229 gold pieces at shops.

Inventory:

Hand Weapons
 a - a cursed +5 flail (weapon)
Armour
 y - the cursed +0 chain mail of Going Fast (worn) {Str+4 Slay+3}
   (You found it on level 12 of the Dungeon)

   It affects your strength (+4).
   It affects your accuracy and damage with ranged weapons and melee attacks
   (+3).
   It has a curse placed upon it.
 G - a cursed +2 hat (worn)
 L - a cursed +2 large shield of reflection (worn)
Jewellery
 b - an uncursed ring of flight
 g - an uncursed ring of magical power
 j - a +3 ring of evasion (left hand)
 x - a +2 ring of dexterity (right hand)
 C - a +3 ring of protection
 H - a +3 ring of intelligence
Wands
 c - a wand of enslavement (10)
 h - a wand of digging (20)
 t - a wand of clouds (7)
 D - a wand of random effects (59)
 N - a wand of polymorph (32)
Scrolls
 d - a scroll of magic mapping
 e - 3 scrolls of identify
 l - 7 scrolls of teleportation
 q - a scroll of enchant weapon
 u - 4 scrolls of remove curse
 z - 2 scrolls of fear
 A - 2 scrolls of amnesia
 B - a scroll of brand weapon {unknown}
 E - 2 scrolls of fog
 F - a scroll of silence
Potions
 k - 3 potions of invisibility
 m - 2 potions of flight
 n - 4 potions of ambrosia
 o - 4 potions of lignification
 p - 3 potions of curing
 r - 2 potions of brilliance
 s - a potion of agility
 v - a potion of magic
 w - 2 potions of haste
 K - a potion of cancellation
Comestibles
 f - 16 rations


   Skills:
 + Level 12.1 Fighting
 - Level 16.8(20.2) Maces & Flails
 + Level 12.1 Armour
 + Level 10.6 Dodging
 - Level 1.0 Stealth
 + Level 12.5(14.8) Shields


You had 13 spell levels left.
You didn't know any spells.
Your spell library contained the following spells:

 Spells                   Type           Power        Failure   Level  Hunger
 Beastly Appendage        Tmut           #.....       100%        1    ##.....
 Sticks to Snakes         Tmut           #.......     100%        2    ###....
 Spider Form              Tmut/Pois      #.........   100%        3    ####...
 Ice Form                 Ice/Tmut       #.......     100%        4    #####..
 Blade Hands              Tmut           #.........   100%        5    ######.


Dungeon Overview and Level Annotations

Branches:
Dungeon (14/15)            Temple (1/1) D:4            Lair (2/6) D:9
    Orc (0/2) D:12         Vaults (0/5) D:14
  Swamp: Lair:2-4    Shoals: Lair:2-4     Snake: Lair:2-4    Spider: Lair:2-4

Altars:
Ashenzari
Cheibriados
Dithmenos
Elyvilon
Fedhas
Gozag
Hepliaklqana
Kikubaaqudgha
Makhleb
Nemelex Xobeh
Okawaru
Qazlal
Ru
Sif Muna
Trog
Uskayaw
Vehumet
Wu Jian
Xom
Yredelemnul
Zin
The Shining One

Shops:
D:12 }*}*

Annotations:
Lair:2 exclusion: oklob plant


Innate Abilities, Weirdness & Mutations

You reflexively headbutt those who attack you in melee.
You have a pair of horns on your head.
You possess an exceptional clarity of mind.
Your mind is acute. (Int +2)
Your body sometimes deteriorates upon taking damage.


Message History

You sock the oklob plant!
You destroy the oklob plant!
You bludgeon the oklob plant!!
You headbutt the oklob plant, but do no damage.
The oklob plant is heavily damaged.
You hit the oklob plant but do no damage.
You headbutt the oklob plant, but do no damage.
The oklob plant is heavily damaged.
You hit the oklob plant.
The oklob plant is heavily damaged.
You completely miss the oklob plant. You headbutt the oklob plant.
The oklob plant is severely damaged.
You hit the oklob plant but do no damage.
You headbutt the oklob plant!
The oklob plant is severely damaged.
You hit the oklob plant.
The oklob plant is almost destroyed.
The oklob plant spits acid at you. The splash of acid hits you!
You die...

......P#
#.........##...........
......##
##........####.........
......# ##...##.##
##.P...#.# .#.####
##....## ######### ####
#......# ##PP.P##
#).(.# #..).# #..@.#
#.$P$# ######


You could see an oklob plant.

Vanquished Creatures
  Gastronok (Lair:2)
  Azrael (D:13)
  Josephine (D:12)
  Erolcha (D:12)
  4 vault guards (D:14)
  2 hydras
  Erica (D:8)
  4 two-headed ogres
  A centaur warrior (D:14)
  3 unseen horrors
  The ghost of kakkapete22 the Ducker, a novice OpFi of Trog (D:7)
  A wolf spider zombie (D:14)
  2 oklob plants (Lair:2)
  3 deep elf magi
  4 manticores
  2 ugly things
  2 cyclopes
  A wolf spider (D:14)
  A black mamba (Lair:1)
  10 elephants
  2 spiny frogs
  A gargoyle (D:10)
  2 centaur skeletons
  A freezing wraith (D:14)
  2 komodo dragons
  A hornet (D:7)
  5 trolls
  6 hippogriffs
  A merfolk (D:9)
  The ghost of Azzok the Firebug, an amateur HOFE of Vehumet (D:4)
  4 slime creatures
  Sigmund (D:6)
  2 water elementals (D:13)
  3 wyverns
  5 wraiths (D:12)
  A steam dragon (D:11)
  21 yaks
  4 fire elementals (D:13)
  4 vampire mosquitoes (D:14)
  3 hungry ghosts
  2 wargs (D:12)
  2 acid dragons
  4 water moccasins
  Duvessa (D:4)
  4 hell hounds (D:13)
  7 porcupines
  5 sky beasts
  An ice beast (D:13)
  13 orc warriors
  A hornet zombie (D:7)
  9 ogres
  3 phantoms
  2 black bears
  4 necrophages
  2 eyes of draining
  6 centaurs
  4 wolves (Lair:1)
  A big kobold (D:7)
  9 crocodiles
  15 bullfrogs
  A wyvern zombie (D:14)
  Dowan (D:4)
  A scorpion (Lair:1)
  4 killer bees (D:11)
  A wight (D:14)
  3 electric eels (D:13)
  A howler monkey (D:13)
  4 crimson imps
  3 centaur zombies
  5 quasits
  4 jellies
  6 orc priests
  3 hounds
  15 orc wizards
  2 bullfrog skeletons
  Jessica (D:3)
  6 worker ants
  6 iguanas
  A spectral hound (D:7)
  A hound zombie (D:8)
  2 hound skeletons
  2 worker ant zombies
  A howler monkey skeleton (D:7)
  3 gnolls (D:8)
  6 adders
  A shadow imp (D:13)
  3 oozes
  2 adder zombies (D:7)
  7 worms
  5 dart slugs
  3 leopard geckos
  56 orcs
  5 bats
  7 giant cockroaches
  5 goblins
  5 hobgoblins
  10 jackals
  5 quokkas
  4 frilled lizards
  14 kobolds
  A quokka skeleton (D:7)
  A quokka zombie (D:7)
  7 rats
  A fungus (D:10)
436 creatures vanquished.

Vanquished Creatures (others)
  An orc (D:14)
  2 plants
3 creatures vanquished.

Grand Total: 439 creatures vanquished

Notes
Turn   | Place    | Note
-------+----------+-------------------------------------------
     0 | D:1      | Freyura the Minotaur Fighter began the quest for the Orb.
     0 | D:1      | Reached XP level 1. HP: 19/19 MP: 0/0
    33 | D:1      | Reached XP level 2. HP: 23/27 MP: 1/1
   158 | D:1      | Reached skill level 3 in Maces & Flails
   182 | D:1      | Reached skill level 1 in Dodging
   265 | D:1      | Reached XP level 3. HP: 27/33 MP: 2/2
   410 | D:2      | Found a shattered altar of Ashenzari.
   422 | D:2      | Found a basalt altar of Yredelemnul.
   446 | D:2      | Became a worshipper of Ashenzari the Shackled
   609 | D:2      | Reached XP level 4. HP: 37/40 MP: 3/3
   999 | D:3      | Reached skill level 4 in Maces & Flails
  1238 | D:3      | Noticed Jessica
  1249 | D:3      | Killed Jessica
  1249 | D:3      | Reached XP level 5. HP: 23/46 MP: 4/4
  1786 | D:4      | Found a transporter.
  1790 | D:4      | Noticed Duvessa
  1800 | D:4      | Noticed Dowan
  1802 | D:4      | Killed Duvessa
  1802 | D:4      | Reached skill level 5 in Maces & Flails
  1806 | D:4      | Killed Dowan
  1806 | D:4      | Reached XP level 6. HP: 42/52 MP: 5/5
  1807 | D:4      | Noticed Azzok's ghost (amateur HOFE)
  2222 | D:4      | Found a transporter.
  2481 | D:4      | Found a staircase to the Ecumenical Temple.
  2526 | Temple   | Entered the Ecumenical Temple
  2526 | Temple   | Reached * piety under Ashenzari
  2746 | D:5      | Entered Level 5 of the Dungeon
  2791 | D:5      | Reached skill level 5 in Armour
  2865 | D:5      | Reached skill level 6 in Maces & Flails
  3030 | D:5      | Reached skill level 5 in Shields
  3047 | D:5      | Reached XP level 7. HP: 40/59 MP: 6/6
  3113 | D:5      | Found an ornate altar of the Wu Jian Council.
  3191 | D:6      | Noticed Sigmund
  3206 | D:6      | Killed Sigmund
  3206 | D:6      | Reached skill level 7 in Maces & Flails
  3257 | D:6      | Reached skill level 8 in Maces & Flails
  3257 | D:6      | Reached XP level 8. HP: 28/67 MP: 7/7
  3414 | D:6      | Reached ** piety under Ashenzari
  3495 | D:6      | Reached skill level 9 in Maces & Flails
  4142 | D:7      | Found a runed gate.
  4142 | D:7      | Found a runed gate.
  4144 | D:7      | Found a runed gate.
  4144 | D:7      | Noticed kakkapete22's ghost (novice OpFi)
  4199 | D:7      | Reached skill level 5 in Fighting
  4399 | D:7      | Reached skill level 10 in Maces & Flails
  4432 | D:7      | Got the uncursed ring mail of the Orb {Dex+7}
  4443 | D:7      | Identified the +1 ring mail of the Orb {Dex+7} (You found
                  | it on level 7 of the Dungeon)
  4471 | D:7      | Noticed a hornet
  4488 | D:7      | Killed a hornet
  4647 | D:7      | Reached XP level 9. HP: 74/74 MP: 8/8
  5410 | D:8      | Reached skill level 11 in Maces & Flails
  5415 | D:8      | Reached *** piety under Ashenzari
  5567 | D:8      | Noticed a brown ugly thing
  5580 | D:8      | Killed a brown ugly thing
  5749 | D:8      | Reached skill level 12 in Maces & Flails
  5803 | D:8      | Noticed Erica
  5819 | D:8      | Killed Erica
  6109 | D:4      | Reached XP level 10. HP: 84/84 MP: 9/9
  6128 | D:4      | Killed Azzok's ghost
  6128 | D:4      | Reached skill level 1 in Stealth
  6314 | D:9      | Identified the +0 flail of Annoyance {pain, rPois SInv}
  6314 | D:9      | Found an ancient bone altar of Kikubaaqudgha.
  6429 | D:9      | Reached skill level 13 in Maces & Flails
  6429 | D:9      | Reached skill level 5 in Dodging
  6609 | D:9      | Found a staircase to the Lair.
  6823 | D:10     | Entered Level 10 of the Dungeon
  7113 | D:10     | Reached **** piety under Ashenzari
  7155 | D:10     | Noticed a two-headed ogre
  7165 | D:10     | Killed a two-headed ogre
  7256 | D:10     | Noticed a gargoyle
  7263 | D:10     | Killed a gargoyle
  7279 | D:10     | Noticed an unseen horror
  7293 | D:10     | Killed an unseen horror
  7293 | D:10     | Reached skill level 14 in Maces & Flails
  7293 | D:10     | Reached XP level 11. HP: 78/94 MP: 10/10
  7331 | D:10     | Noticed a two-headed ogre
  7338 | D:10     | Killed a two-headed ogre
  7660 | D:11     | Noticed a purple ugly thing
  7669 | D:11     | Killed a purple ugly thing
  7670 | D:11     | Noticed an unseen horror
  7681 | D:11     | Killed an unseen horror
  8570 | D:12     | Found Maihom's Assorted Antiques.
  8592 | D:12     | Found Dihoffyk's Gadget Emporium.
  8696 | D:12     | Noticed Erolcha
  8718 | D:12     | Noticed Josephine
  8721 | D:12     | Killed Erolcha
  8721 | D:12     | Reached skill level 15 in Maces & Flails
  8741 | D:12     | Killed Josephine
  8767 | D:12     | Noticed a deep elf mage
  8773 | D:12     | Killed a deep elf mage
  8773 | D:12     | Reached XP level 12. HP: 84/104 MP: 11/11
  8805 | D:12     | Found a staircase to the Orcish Mines.
  8858 | D:12     | Found Kuwkal's Gadget Emporium.
  8883 | D:12     | Reached skill level 10 in Shields
  8919 | D:12     | Found Nosavo's General Store.
  8922 | D:12     | Bought a +1 large shield of reflection for 229 gold pieces
  8992 | D:12     | Identified the cursed +0 chain mail of Going Fast {Str+4
                  | Slay+3}
  9837 | D:13     | Noticed Azrael
  9859 | D:13     | Killed Azrael
  9929 | D:13     | Reached skill level 10 in Armour
 10251 | D:13     | Reached skill level 10 in Fighting
 10626 | D:13     | Noticed a two-headed ogre
 10641 | D:13     | Killed a two-headed ogre
 10670 | D:13     | Noticed an eight-headed hydra
 10677 | D:13     | Killed an eight-headed hydra
 11077 | D:13     | Reached ***** piety under Ashenzari
 11130 | D:13     | Reached skill level 16 in Maces & Flails
 11140 | D:13     | Gained mutation: Your mind is acute. (Int +2) [potion of
                  | mutation]
 11140 | D:13     | Gained mutation: Your body sometimes deteriorates upon
                  | taking damage. [potion of mutation]
 11140 | D:13     | Gained mutation: You possess an exceptional clarity of
                  | mind. [potion of mutation]
 11344 | D:14     | Noticed a two-headed ogre
 11350 | D:14     | Killed a two-headed ogre
 11417 | D:14     | Reached XP level 13. HP: 86/114 MP: 12/12
 11658 | D:14     | Found a gate to the Vaults.
 12059 | D:14     | Reached skill level 10 in Dodging
 12468 | D:7      | Killed kakkapete22's ghost
 12602 | Lair:1   | Entered Level 1 of the Lair of Beasts
 13448 | Lair:2   | Noticed Gastronok
 13461 | Lair:2   | Killed Gastronok
 13739 | Lair:2   | Reached XP level 14. HP: 84/126 MP: 13/13
 14045 | Lair:2   | HP: 4/126 [acid (6)]
 14056 | Lair:2   | Killed from afar by an oklob plant

Skill      XL: |  1  2  3  4  5  6  7  8  9 10 11 12 13 |
---------------+----------------------------------------+-----
Maces & Flails | 3 4 5 6 8 10 12 14 15 16 | 16.8
Dodging        | 1 2 3 4 6 7 9 10 | 10.6
Shields        | 4 5 6 7 8 9 11 12 | 12.5
Armour         | 4 5 6 8 9 10 12 | 12.1
Fighting       | 4 5 6 7 9 10 12 | 12.1
Stealth        | 1 |  1.0

Action                   |  1- 3 |  4- 6 |  7- 9 | 10-12 | 13-15 || total
-------------------------+-------+-------+-------+-------+-------++-------
Melee: Flail             |   105 |   141 |   249 |   624 |   357 ||  1476
       Headbutt          |    11 |    24 |    60 |   222 |   115 ||   432
Invok: Curse Item        |       |     1 |     2 |     1 |     1 ||     5
  Use: Scroll            |       |     8 |    10 |    17 |     1 ||    36
       Potion            |       |     1 |     3 |     4 |     5 ||    13
 Stab: Sleeping          |       |       |       |     2 |       ||     2
  Eat: Ration            |       |     2 |     4 |     6 |     2 ||    14
Armor: Scale mail        |    56 |    14 |       |       |       ||    70
       Chain mail        |       |    29 |    22 |    17 |    40 ||   108
       Ring mail         |       |       |     6 |    25 |       ||    31
Dodge: Dodged            |    37 |    33 |    53 |   148 |    91 ||   362
Block: Shield            |    77 |    59 |   115 |   215 |       ||   466
       Large shield      |       |       |       |   157 |   313 ||   470
       Reflection        |       |       |       |     4 |     6 ||    10
